 Dungeon Crawl Stone Soup version 0.32-a0-938-g40ac7a0f4d (webtiles) character file.

Game seed: 12791932760647217538

30413 nel the Artisan of Death (level 13, 0/79 HPs)
             Began as a Demonspawn Necromancer on Apr 15, 2024.
             Was a Priest of Kikubaaqudgha.
             Slain by an eight-headed hydra (1 damage)
             ... on level 5 of the Lair of Beasts.
             The game lasted 01:35:16 (16234 turns).

nel the Artisan of Death (Demonspawn Necromancer)  Turns: 16234, Time: 01:35:17

Health: 0/79       AC: 13    Str:  8    XL:     13   Next: 20%
Magic:  10/22      EV: 18    Int: 20    God:    Kikubaaqudgha [***...]
Gold:   585        SH:  4    Dex: 23    Spells: 3/24 levels left

rFire   . . .        E - +11 short sword of Defilement {heavy, Will+ Dex+3}
rCold   . . .        (no shield)
rNeg    . . .        i - +3 leather armour "Jova" {Rampage Dex+5 SInv Stlth-}
rPois   .            (no helmet)
rElec   .            (no cloak)
rCorr   .            (no gloves)
SInv    +            (no boots)
Will    +....        (no amulet)
Stlth   +            k - ring of see invisible
HPRegen 0.33/turn    (no ring)
MPRegen 0.18/turn

%: rampage
@: no status effects
A: hooves 2, thin metallic scales 2, icemail 1, powered by pain 1, condensation
shield
a: Renounce Religion, Unearth Wretches


You were on level 5 of the Lair of Beasts.
You worshipped Kikubaaqudgha.
Kikubaaqudgha was most pleased with you.
You visited 3 branches of the dungeon, and saw 18 of its levels.

You collected 871 gold pieces.
You spent 286 gold pieces at shops.

Inventory:

Hand Weapons
 a - a +1 great sword
 g - the +3 war axe "Jafidgh" {pain, rElec rN+ Str-4 Dex+2}
   (You found it on level 6 of the Dungeon)

   Str-4:     It affects your strength (-4).
   Dex+2:     It affects your dexterity (+2).
   rElec:     It insulates you from electricity.
   rN+:       It protects you from negative energy.
 p - a +3 dagger of freezing
 t - a +0 long sword
 E - the +11 short sword of Defilement (weapon) {heavy, Will+ Dex+3}
   (You took it off an orc on level 7 of the Dungeon)

   Dex+3:     It affects your dexterity (+3).
   Will+:     It increases your willpower.
 F - a +2 dagger of draining
 J - a +0 scimitar
Missiles
 c - 44 poisoned darts (quivered)
 d - 11 boomerangs
 m - 6 atropa-tipped darts
Armour
 i - the +3 leather armour "Jova" (worn) {Rampage Dex+5 SInv Stlth-}
   (You found it on level 2 of the Dungeon)

   Dex+5:     It affects your dexterity (+5).
   SInv:      It lets you see invisible.
   Rampage:   It bestows one free step when moving towards enemies.
   Stlth-:    It makes you less stealthy.
 n - a +0 pair of gloves
 v - a +0 pair of boots
 z - a +0 pair of boots
 D - a +0 leather armour
 N - a +0 pair of boots
Magical Staves
 O - the staff of Raelaik {^Drain rElec rPois rC+ Str+6 Air}
   (You found it on level 4 of the Lair of Beasts)

   [staff of air]

   Base accuracy: +5 Base damage: 5 Base attack delay: 1.2 This weapon's minimum
   attack delay (0.6) is reached at skill level 12.
   Str+6:     It affects your strength (+6).
   rC+:       It protects you from cold.
   rElec:     It insulates you from electricity.
   rPois:     It protects you from poison.
   ^Drain:    It drains your maximum health when unequipped.
   Air:       It increases the power of your Air spells.
   It falls into the 'Staves' category.
   It is a one-handed weapon.
Jewellery
 k - a ring of see invisible (left hand)
 u - a ring of flight
Talismans
 o - a flux talisman
Wands
 y - a wand of warping (15)
 A - a wand of polymorph (9)
 K - a wand of light (1)
Scrolls
 e - 5 scrolls of teleportation
 f - 2 scrolls of fog
 q - 3 scrolls of poison
 s - a scroll of revelation
 w - a scroll of identify
 x - 2 scrolls of amnesia
 G - a scroll of immolation
 H - a scroll of brand weapon
 I - a scroll of torment
 M - a scroll of vulnerability {unknown}
 P - a scroll of noise {unknown}
Potions
 b - a potion of magic
 h - a potion of brilliance
 j - 2 potions of might
 l - 3 potions of mutation
 r - 2 potions of degeneration
 B - 2 potions of lignification
 C - 2 potions of attraction
 L - a potion of enlightenment
 Q - a potion of curing


   Skills:
 + Level 8.0 Long Blades
 + Level 10.1 Dodging
 - Level 2.0 Stealth
 - Level 6.0 Spellcasting
 + Level 7.9 Summonings
 * Level 16.8 Necromancy


You had 3 spell levels left.
You knew the following spells:

 Your Spells              Type           Power      Damage    Failure   Level
a - Necrotise             Necr           100%       1d9       0%          1
b - Vampiric Draining     Necr           65%        2d10      1%          3
c - Dispel Undead         Necr           65%        3d22      1%          4
d - Animate Dead          Necr           65%        N/A       1%          4
e - Curse of Agony        Necr           65%        N/A       1%          5
f - Martyr's Knell        Necr/Summ      53%        N/A       1%          4

Your spell library contained the following spells:

 Spells                   Type           Power      Damage    Failure   Level
 Kiss of Death            Conj/Necr      100%       2d13      1%          1
 Sublimation of Blood     Necr           65%        N/A       1%          2
 Cigotuvi's Dreadful Rot  Necr/Alch/Air  56%        N/A       2%          2
 Sandblast                Erth           12%        2d6       16%         1
 Slow                     Hex            24%        N/A       16%         1
 Blink                    Tloc           12%        N/A       22%         2
 Lesser Beckoning         Tloc           12%        N/A       22%         2
 Momentum Strike          Conj/Tloc      12%        3d8       22%         2
 Confusing Touch          Hex            6%         N/A       41%         3
 Passwall                 Erth           6%         N/A       41%         3
 Stone Arrow              Conj/Erth      12%        3d7       41%         3
 Tukima's Dance           Hex            6%         N/A       41%         3
 Volatile Blastmotes      Fire/Tloc      12%        2d11      41%         3
 Death Channel            Necr           32%        N/A       2%          6
 Anguish                  Hex/Necr       19%        N/A       4%          4
 Animate Armour           Summ/Erth      42%        N/A       30%         4
 Haunt                    Necr/Summ      26%        N/A       63%         7
 Borgnjor's Revivificati  Necr           32%        N/A       71%         8
 Brom's Barrelling Bould  Conj/Erth      6%         2d3       83%         4
 Ignite Poison            Fire/Alch      6%         N/A       83%         4
 Passage of Golubria      Tloc           6%         N/A       83%         4
 Vhi's Electric Charge    Tloc/Air       12%        N/A       83%         4
 Freezing Cloud           Conj/Ice/Air   3%         6-21      99%         5
 Yara's Violent Unravell  Hex/Alch       3%         3d4       99%         5
 Bombard                  Conj/Erth      3%         9d1       100%        6
 Conjure Ball Lightning   Conj/Air       3%         3x3d6     100%        6
 Discord                  Hex            3%         N/A       100%        8
 Disjunction              Tloc           3%         N/A       100%        8
 Lehudib's Crystal Spear  Conj/Erth      3%         10d2      100%        8
 Death's Door             Necr           32%        N/A       100%        9


Dungeon Overview and Level Annotations

Branches:
Dungeon (12/15)            Temple (1/1) D:6            Lair (5/5) D:11
  Swamp (0/4) Lair:3        Snake (0/4) Lair:2        Slime (0/5) Lair:5
    Orc (0/2) D:9

Altars:
Ashenzari
Cheibriados
Dithmenos
Fedhas
Gozag
Hepliaklqana
Kikubaaqudgha
Makhleb
Nemelex Xobeh
Okawaru
Qazlal
Ru
Sif Muna
Trog
Uskayaw
Vehumet
Wu Jian
Xom
Yredelemnul

Shops:
D:1 [   D:6 :

Annotations:
D:10 2 transporters, Heh's ghost, novice DsAl
Lair:4 exclusion: ice statue


Innate Abilities, Weirdness & Mutations

You have hoof-like feet.
You are mostly covered in thin metallic scales. (AC +3)
A meltable icy envelope protects you from harm. (AC +4)
You sometimes gain a little power by taking damage.
A meltable shield of frost defends you. (SH +4)


Message History

The eight-headed hydra is severely wounded.
A fire crab comes into view.
You block the eight-headed hydra's attack.
The eight-headed hydra bites you. The eight-headed hydra bites you!
The eight-headed hydra misses you.
The eight-headed hydra bites you but does no damage.
The eight-headed hydra bites you.
The eight-headed hydra barely misses you.
The eight-headed hydra bites you.
Unknown command.
You hit the eight-headed hydra.
The eight-headed hydra convulses!
The eight-headed hydra is freed from its curse.
You kick the eight-headed hydra, but do no damage.
The eight-headed hydra is almost dead.
The eight-headed hydra closely misses you.
The eight-headed hydra barely misses you.
The eight-headed hydra bites you but does no damage. x2
The eight-headed hydra bites you!
* * * LOW HITPOINT WARNING * * *
You block the eight-headed hydra's attack.
The eight-headed hydra bites you.
* * * LOW HITPOINT WARNING * * *
The eight-headed hydra completely misses you.
Casting: Curse of Agony (dangerous; 1% risk of failure)
Confirm with . or Enter, or press ? or * to list all spells.
Aiming: Vampiric Draining (safe; 1% risk of failure)
Press: ? - help, Shift-Dir - straight line, f/p - eight-headed hydra
Aim: an eight-headed hydra (almost dead)
You draw life force from the eight-headed hydra.
You feel life coursing into your body. The eight-headed hydra misses you.
The eight-headed hydra bites you!
* * * LOW HITPOINT WARNING * * *
The eight-headed hydra bites you!
* * * LOW HITPOINT WARNING * * *
The eight-headed hydra closely misses you.
You block the eight-headed hydra's attack.
The eight-headed hydra bites you but does no damage.
The eight-headed hydra bites you.
You die...
Kikubaaqudgha rasps: You have failed me!
Welcome... death!

####.##..........
###.#..#..#...PP...
#......<...P.......
##..#.P#....P...#..
###.P..####.........
.###....P###.....###..
.................#
#....##..#.##...†......
#Pt.D@......#......P.#
........#.#.#.....##.P..
......#.#.#.#.....P# .[.
.>............#.#..# .#
....P.#.......#..### #
......#.....#...## ....P
......#... ...P. .......


You could see an eight-headed hydra and a fire crab.

Vanquished Creatures
  3 two-headed ogres
  A catoblepas (Lair:2)
  A boulder beetle (D:11)
  A lindwurm (Lair:2)
  A deep elf pyromancer (D:7)
  4 cane toads
  2 gargoyles
  A rime drake (Lair:4)
  6 komodo dragons
  2 trolls
  A polar bear (Lair:4)
  13 blink frogs
  4 dream sheep (Lair:3)
  A slime creature (D:11)
  3 wraiths (D:11)
  2 shadows
  4 wyverns
  42 yaks
  4 vampire mosquitoes (D:11)
  A steam dragon (D:10)
  A basilisk (Lair:1)
  5 water moccasins
  3 orc warriors
  4 black bears
  5 ice beasts
  A centaur (D:11)
  A wolf (Lair:2)
  5 kobold brigands
  6 bullfrogs
  3 scorpions
  5 wights (D:6)
  3 killer bees (D:7)
  2 electric eels (D:11)
  3 howler monkeys
  2 lava snakes (D:8)
  A jelly (D:7)
  A gnoll bouda (D:5)
  2 hounds
  An orc priest (D:7)
  4 iguanas
  A sleepcap (D:5)
  5 orc wizards
  3 hell rats
  Robin (D:3)
  2 gnolls (D:5)
  6 river rats
  6 adders
  A shadow imp (D:6)
  5 white imps
  2 ribbon worms
  A dart slug (D:5)
  17 orcs
  6 ball pythons
  4 bats
  7 endoplasms
  2 giant cockroaches (D:3)
  9 goblins
  16 hobgoblins
  4 jackals (D:3)
  3 quokkas
  2 frilled lizards (D:2)
  27 kobolds
  5 rats
290 creatures vanquished.

Vanquished Creatures (collateral kills)
  An eleionoma (Lair:3)
  A catoblepas (Lair:2)
  A black mamba (Lair:4)
  3 cane toads
  A freezing wraith (Lair:4)
  A polar bear (Lair:2)
  3 blink frogs
  2 slime creatures (D:11)
  14 yaks
  2 ice beasts (Lair:4)
  3 wolves (Lair:2)
  6 bullfrogs
  4 hell rats (Lair:2)
  3 river rats (Lair:2)
  2 orcs (D:9)
  2 hobgoblins
  A kobold (D:1)
50 creatures vanquished.

Vanquished Creatures (others)
  2 hydras
  A centaur warrior (D:11)
  A cyclops (D:11)
  A torpor snail (Lair:4)
  Psyche (D:8)
  A cane toad zombie (Lair:2)
  A water moccasin (Lair:4)
  4 blink frog zombies
  A torpor snail zombie (Lair:4)
  A water moccasin zombie (Lair:4)
  17 yak zombies
  3 wolf zombies (Lair:2)
  A centaur zombie (D:11)
  2 bullfrog zombies (Lair:2)
  An adder (D:11)
  An adder zombie (D:11)
  A hobgoblin (D:10)
  5 kobold zombies (D:9)
  An orc zombie (D:9)
46 creatures vanquished.

Grand Total: 386 creatures vanquished

Notes
Turn   | Place    | Note
-------+----------+-------------------------------------------
     0 | D:1      | nel the Demonspawn Necromancer began the quest for the Orb.
     0 | D:1      | Reached XP level 1. HP: 13/13 MP: 3/3
    47 | D:1      | Found Cutypt's Armour Shoppe.
   393 | D:1      | Gained mutation: You are partially covered in thin metallic
                  | scales. (AC +2) [demonic ancestry]
   393 | D:1      | Reached XP level 2. HP: 19/19 MP: 3/5
  1132 | D:2      | Reached skill level 5 in Necromancy
  1132 | D:2      | Gained mutation: You are mostly covered in thin metallic
                  | scales. (AC +3) [demonic ancestry]
  1132 | D:2      | Reached XP level 3. HP: 24/24 MP: 3/6
  1602 | D:2      | Identified the +3 leather armour "Jova" {Rampage Dex+5 SInv
                  | Stlth-}
  2013 | D:3      | Noticed Robin
  2025 | D:3      | Killed Robin
  2035 | D:3      | Reached XP level 4. HP: 28/30 MP: 4/7
  2708 | D:3      | Learned a level 3 spell: Vampiric Draining
  3135 | D:4      | Noticed a scorpion
  3139 | D:4      | Killed a scorpion
  3140 | D:4      | Reached skill level 6 in Necromancy
  3140 | D:4      | Gained mutation: A meltable shield of frost defends you.
                  | (SH +4) [demonic ancestry]
  3140 | D:4      | Reached XP level 5. HP: 35/35 MP: 4/9
  3190 | D:4      | Found an ornate altar of the Wu Jian Council.
  3675 | D:4      | Noticed a black bear
  3688 | D:4      | Killed a black bear
  3689 | D:4      | Gained mutation: You have large cloven feet. [demonic
                  | ancestry]
  3689 | D:4      | Reached XP level 6. HP: 39/41 MP: 0/10
  4055 | D:5      | Entered Level 5 of the Dungeon
  4432 | D:5      | Reached skill level 7 in Necromancy
  4798 | D:5      | Noticed an acid dragon
  4802 | D:5      | Gained mutation: You have hoof-like feet. [demonic
                  | ancestry]
  4802 | D:5      | Reached XP level 7. HP: 46/46 MP: 4/11
  5009 | D:6      | Reached skill level 8 in Necromancy
  5044 | D:6      | Identified a scroll of acquirement
  5044 | D:6      | Acquired a Necronomicon
  5310 | D:6      | Found Qote's Book Shop.
  5312 | D:6      | Identified the +3 war axe "Jafidgh" {pain, rElec rN+ Str-4
                  | Dex+2}
  5343 | D:6      | Bought a book of Decay for 286 gold pieces
  5349 | D:6      | Learned a level 4 spell: Dispel Undead
  5354 | D:6      | Learned a level 4 spell: Animate Dead
  5609 | D:6      | Found a staircase to the Ecumenical Temple.
  5619 | Temple   | Entered the Ecumenical Temple
  6397 | D:7      | Reached XP level 8. HP: 43/52 MP: 8/13
  6407 | D:7      | Reached skill level 9 in Necromancy
  6411 | D:7      | Reached skill level 5 in Dodging
  6990 | D:7      | Noticed a deep elf pyromancer
  6994 | D:7      | Identified the +11 short sword of Defilement {heavy, Will+
                  | Dex+3}
  7264 | D:7      | Reached skill level 10 in Necromancy
  7361 | D:7      | Killed a deep elf pyromancer
  7362 | D:7      | Gained mutation: A meltable icy envelope protects you from
                  | harm. (AC +4) [demonic ancestry]
  7362 | D:7      | Reached XP level 9. HP: 57/57 MP: 14/16
  7473 | D:8      | Reached skill level 5 in Spellcasting
  7482 | D:8      | Learned a level 5 spell: Curse of Agony
  7809 | D:8      | Noticed Psyche
  7815 | D:8      | Killed Psyche
  7861 | D:8      | Reached skill level 1 in Long Blades
  8016 | D:8      | Reached skill level 11 in Necromancy
  8258 | D:9      | Found a staircase to the Orcish Mines.
  8867 | D:10     | Entered Level 10 of the Dungeon
  8883 | D:10     | Reached skill level 12 in Necromancy
  8883 | D:10     | Reached XP level 10. HP: 63/63 MP: 13/19
  8888 | D:10     | Learned a level 4 spell: Martyr's Knell
  8922 | D:10     | Found a transporter.
  8936 | D:10     | Noticed Heh's ghost (novice DsAl)
  8939 | D:10     | Found a transporter.
  8940 | D:10     | Noticed a boulder beetle
  8984 | D:10     | Reached skill level 1 in Summonings
  8986 | D:10     | Found a blossoming altar of Fedhas.
  8986 | D:10     | Found an ancient bone altar of Kikubaaqudgha.
  8992 | D:10     | Became a worshipper of Kikubaaqudgha
  9090 | D:10     | Identified the +0 leather armour "Vuydai" {rF- Int+4 SInv}
  9103 | D:10     | Noticed a two-headed ogre
  9121 | D:10     | Killed a two-headed ogre
  9269 | D:10     | Found a bloodstained altar of Trog.
  9364 | D:10     | Found a shadowy altar of Dithmenos.
  9394 | D:10     | Noticed an ogre mage
  9740 | D:11     | Noticed a two-headed ogre
  9750 | D:11     | Killed a two-headed ogre
  9832 | D:11     | Reached skill level 13 in Necromancy
  9843 | D:11     | Reached * piety under Kikubaaqudgha
  9843 | D:11     | Received a gift from Kikubaaqudgha
  9866 | D:11     | Noticed a gargoyle
  9981 | D:11     | Noticed a gargoyle
  9993 | D:10     | Killed a gargoyle
 10097 | D:11     | Reached XP level 11. HP: 68/68 MP: 15/20
 10490 | D:11     | Noticed a boulder beetle
 10495 | D:11     | Reached skill level 5 in Long Blades
 10513 | D:11     | Killed a boulder beetle
 10600 | D:11     | Found a staircase to the Lair.
 11027 | D:12     | Noticed a rakshasa
 11036 | D:12     | Noticed an orc knight
 11232 | D:12     | Noticed a two-headed ogre
 11247 | D:11     | Killed a two-headed ogre
 11248 | D:11     | Reached skill level 14 in Necromancy
 11424 | Lair:1   | Entered Level 1 of the Lair of Beasts
 11652 | Lair:1   | Reached skill level 5 in Summonings
 12068 | Lair:1   | Identified the +2 spear "Pusyugh" {elec, ^Drain rN+ Dex+3}
 12833 | Lair:2   | Noticed a lindwurm
 13002 | Lair:2   | Gained mutation: You sometimes gain a little power by
                  | taking damage. [demonic ancestry]
 13002 | Lair:2   | Reached XP level 12. HP: 49/74 MP: 0/21
 13003 | Lair:2   | Reached skill level 15 in Necromancy
 13133 | Lair:2   | Reached ** piety under Kikubaaqudgha
 13303 | Lair:2   | Noticed a catoblepas
 13314 | Lair:2   | Found a staircase to the Snake Pit.
 13335 | Lair:2   | Killed a catoblepas
 13421 | Lair:2   | Noticed a catoblepas
 13432 | Lair:2   | Killed a catoblepas
 13940 | Lair:3   | Found a staircase to the Swamp.
 13940 | Lair:3   | Noticed an eleionoma
 13950 | Lair:3   | Killed an eleionoma
 14040 | Lair:3   | Reached skill level 16 in Necromancy
 14069 | Lair:3   | Reached *** piety under Kikubaaqudgha
 14069 | Lair:3   | Received a gift from Kikubaaqudgha
 15188 | Lair:4   | Identified the staff of Raelaik {^Drain rElec rPois rC+
                  | Str+6 Air}
 15217 | Lair:4   | Reached XP level 13. HP: 79/79 MP: 22/22
 15238 | Lair:4   | Reached skill level 10 in Dodging
 16197 | Lair:5   | Entered Level 5 of the Lair of Beasts
 16227 | Lair:5   | Found a staircase to the Slime Pits.
 16234 | Lair:5   | HP: 1/79 [eight-headed hydra (12)]
 16234 | Lair:5   | Slain by an eight-headed hydra

Illustrated notes

Levels and vault maps discovered:
D:1:      elethiomel_arrival_maze, layout_basic, serial_shops, shop
D:2:      layout_basic
D:3:      layout_loops_corners, uniq_robin
D:4:      layout_loops_ring, nzn_wu_jian_contemplation, grunt_ministairs_4,
          kennysheep_potato
D:5:      layout_basic, serial_co_window_serial, co_window_cross_1,
          co_window_paths_b, co_window_paths_b, co_window_cross_1,
          co_window_paths_a, co_window_unsneaky_path_a, co_window_cross_3,
          co_window_paths_c, co_window_corner_b, co_window_4corner_b,
          glass_columns_c, glass_columns_a, glass_columns_a, glass_columns_b,
          glass_columns_a, st_stairs_14, chequers_serial_rivers_room_a,
          serial_bayou_pond_d
D:6:      layout_basic, minmay_temple_entry_fiery, serial_shops, shop
D:7:      layout_basic, guppyfry_early_elven_hall
D:8:      layout_rooms, minmay_misc_feat_five, chequers_garden,
          kennysheep_cluttered_room, uniq_psyche
D:9:      layout_rooms, orc_0_dummy
D:10:     layout_roguey, trog_hazing_becter,
          grunt_temple_overflow_growth_and_decay,
          mainiacjoe_overflow_concentric_impassable, nzn_ghost_randoct,
          kennysheep_nondescript
D:11:     layout_cave_pools, due_lair_maze_entry_diamond, kennysheep_diamond,
          nrook_mini_backslash
D:12:     layout_long_grid, minmay_diamond_spiral
Temple:   sentei_temple_godly_chess
Lair:1:   layout_layer_cave
Lair:2:   layout_misc_corridors, dummy_snake_entry,
          chequers_serial_rivers_large_b, kennysheep_rathole
Lair:3:   layout_chaotic_city, alex1729_swamp_entry_worm_eleionoma,
          lemuel_fruit_fields, serial_bayou_shore_b
Lair:4:   layout_hall_layers, ice2_lemuel
Lair:5:   grunt_lair_end_beastmaster, layout_loops_ring, slime_entry_1,
          minivault_27

Skill      XL: |  1  2  3  4  5  6  7  8  9 10 11 12 13 |
---------------+----------------------------------------+-----
Stealth        | 2 |  2.0
Dodging        | 2 3 4 6 7 8 9 10 | 10.1
Necromancy     | 5 6 7 8 10 12 13 14 16 | 16.8
Spellcasting   | 3 4 6 |  6.0
Long Blades    | 3 4 6 7 8 |  8.0
Summonings     | 3 5 7 |  7.9

Action                     |  1- 3 |  4- 6 |  7- 9 | 10-12 | 13-15 || total
---------------------------+-------+-------+-------+-------+-------++-------
  Melee: Short sword       |    67 |    58 |    83 |   356 |    74 ||   638
         Unarmed           |     4 |       |       |       |       ||     4
         Kick              |       |     9 |    44 |   126 |    33 ||   212
         War axe           |       |       |    54 |       |       ||    54
  Throw: Boomerang         |       |     2 |    11 |       |       ||    13
         Dart              |       |       |       |     3 |       ||     3
   Cast: Necrotise         |    52 |    75 |    60 |    42 |       ||   229
         Vampiric Draining |       |     4 |    19 |    57 |    11 ||    91
         Dispel Undead     |       |       |     3 |     3 |       ||     6
         Curse of Agony    |       |       |     5 |    31 |     5 ||    41
         Animate Dead      |       |       |     2 |    16 |     1 ||    19
         Martyr's Knell    |       |       |       |     2 |       ||     2
 Invoke: Unearth Wretches  |       |       |       |     2 |     1 ||     3
  Evoke: Wand              |       |       |     1 |     6 |       ||     7
    Use: Scroll            |       |     4 |    12 |     8 |       ||    24
         Potion            |       |       |     6 |     1 |     1 ||     8
   Stab: Sleeping          |     4 |       |       |       |       ||     4
         Distracted        |       |       |     2 |     3 |     3 ||     8
         Invisible         |       |       |       |     2 |       ||     2
         Petrified         |       |       |       |     6 |       ||     6
 Armour: Robe              |    21 |       |       |       |       ||    21
         Leather armour    |    17 |    31 |   126 |   293 |    76 ||   543
         Skin              |       |       |       |     9 |       ||     9
  Dodge: Dodged            |    38 |    44 |   110 |   440 |   142 ||   774
  Block: Other             |       |    16 |    41 |    88 |    22 ||   167

Table legend: (Time is in decaauts)
 A = Elapsed time spent in this place.
 B = Non-inter-level travel time spent in this place.
 C = Inter-level travel time spent in this place.
 D = Time resting spent in this place.
 E = Time spent auto-exploring this place.
 F = Levels seen in this place.
 G = Mean time per level.
                   A        B        C        D        E       F      G
               +--------+--------+--------+--------+--------+-----+--------+
         Total |  16413 |  15596 |    817 |   1351 |  11222 |  18 |  911.8 |
       Dungeon |  11497 |  10910 |    587 |    805 |   8118 |  12 |  958.1 |
        Temple |     17 |      9 |      8 |      0 |      0 |   1 |   17.0 |
          Lair |   4899 |   4678 |    221 |    546 |   3104 |   5 |  979.8 |
               +--------+--------+--------+--------+--------+-----+--------+

Top non-repeatable levels by time:
     D:6: 1548 daAuts
  Lair:1: 1546 daAuts
    D:11: 1473 daAuts
  Lair:3: 1213 daAuts
     D:7: 1163 daAuts
     D:3: 1122 daAuts
  Lair:4: 1109 daAuts
    D:10: 1097 daAuts
     D:4: 1078 daAuts
     D:1: 1053 daAuts
  Lair:2: 991 daAuts
     D:2: 799 daAuts
     D:5: 758 daAuts
     D:9: 736 daAuts
     D:8: 629 daAuts
